queefbeef, lawful female human Valkyrie ---- -------..------------------------ |....%...........................| |..------.---------.-..-....----.-- |.-- |.).| ....I...<.- |...- |.| ---.----- -..(.......| --..- |.| |.....| -.......*.I.. |*..---- |.| ---- |.....| ...I..........---.....-- |.| |..-- |.....| -.....I.---..%.|......... |.|--...---...|.-----....-----.............. --.||..........|.......I...................... |..||.......|..---------...------....f........ |.^|--.--...|....| .-- |....@.((....- --.| ----........| -..-- .....d....... --- |...^...--- ----.....--...(.........- |.......| ------.|*....................... --.......---........| |...---................. |...........%.....-- -.......--.|...... --.--............-- --..|..-------..^- -----..--.------- ------- -.-- ------- --- queefbeef the Skirmisher Experience level: 5 Strength: 18/01 Dexterity: 13 Constitution: 18 Intelligence: 10 Wisdom: 9 Charisma: 9 Health: 0(41) Energy: 13(13) Def: 3 Gold: 299 Moves: 2367 Dungeon seed: a8PAGtywZtSDOe5o Game ID: queefbeef_1491474643 Your Inventory: Coins $ - 299 gold pieces Weapons a - a +1 long sword (weapon in hand) b - a +0 dagger o - a +0 aklys p - 4 +0 daggers (in quiver) Armor n - a blessed +1 dwarvish cloak (being worn) q - a blessed +0 pair of iron shoes (being worn) Comestibles c - 2 uncursed food rations Scrolls j - an uncursed scroll of enchant armor k - an uncursed scroll of enchant weapon s - an uncursed scroll of magic mapping u - an uncursed scroll of blank paper v - a cursed scroll of blank paper Potions d - a blessed potion of paralysis f - an uncursed potion of sleeping h - a blessed potion of blindness i - an uncursed potion of hallucination Tools m - a +0 pick-axe Spells and supernatural/magical abilities: Name Level Category Fail Memory W - pray for help -- divine ? -- Your skills at the end: Fighting Skills Weapon Skills dagger [Basic] long sword [Basic] Spellcasting Skills Final Attributes: You were piously aligned. You were cold resistant. You were stealthy. You are dead. Vanquished creatures: a yellow light 2 gnome lords a gray ooze a paper golem a floating eye 4 dwarves 2 hill orcs 3 dwarf zombies 2 acid blobs 2 coyotes a gas spore a hobbit a hobgoblin 4 giant rats a brown mold 17 gnomes 4 garter snakes a gecko a fox a goblin a sewer rat 10 grid bugs 6 lichens 3 kobold zombies 3 newts 74 creatures vanquished. Voluntary challenges: You used a wielded weapon 62 times, starting on turn 15. You were illiterate. You never genocided any monsters. You never polymorphed an object. You never changed form. You used no wishes. You never split a pudding. You never wrote Elbereth's name. You violated your moral code, losing 13 points of alignment, starting on turn 1680. Dungeon overview: The Dungeons of Doom: levels 1 to 4 Level 1 a long staircase Level 2 Level 3 Level 4 stairs to The Gnomish Mines The Gnomish Mines: levels 5 to 7 Level 5 stairs to The Dungeons of Doom Level 6 <- You were here Level 7 History has recorded: On T:1 you entered the Dungeons of Doom to retrieve the Amulet of Yendor! On T:428 you reached level 2 of The Dungeons of Doom. On T:649 you reached level 3 of The Dungeons of Doom. On T:726 you advanced to experience level 2. On T:1191 you reached level 4 of The Dungeons of Doom. On T:1223 you advanced to experience level 3. On T:1371 you reached level 1 of The Gnomish Mines. On T:1458 you reached level 2 of The Gnomish Mines. On T:1472 you advanced to experience level 4. On T:1731 you advanced to experience level 5. On T:2303 you reached level 3 of The Gnomish Mines. Score breakdown: Gold: 299 ( 8426 points) Experience: 5 levels (11141 points) Exploration: 7 levels ( 14.58%) (10718 points) Discoveries: 2 items ( 0.81%) ( 2705 points) Valuables value: (no points given unless you survive) Artifact value: 0 ( 0 points) Variety of kills: 25 monsters ( 6.56%) ( 7684 points) Turncount: 2367 turns ( -249 points) Survival: died (score multiplied by 80%) Total score: 32340 Latest messages: The paper golem hits! You hit the paper golem! The paper golem hits! You destroy the paper golem! You hit the hill orc! The hill orc swings her scimitar. The hill orc hits! You kill the hill orc! There are several objects here. This hill orc corpse tastes terrible! You stop eating. u - an unlabeled scroll. v - an unlabeled scroll. You feel more confident in your weapon skills. You kill the gas spore! You are caught in the gas spore's explosion! You hear a door open. You destroy the dwarf zombie! You hit the little dog! The little dog bites! (2x) You die... Final status: Farvel queefbeef the Valkyrie, killed by a little dog... You died in The Gnomish Mines on dungeon level 6 with 32340 points, and 299 pieces of gold, after 2367 moves. You were level 5 with a maximum of 41 hit points when you died.